 Dungeon Crawl Stone Soup version 0.31.0-11-ge490571c62 (webtiles) character file.

Game seed: 7675128085716623495

719 qw the Shooter (level 7, -9/35 HPs)
             Began as a Spriggan Hunter on Feb 3, 2024.
             Was a Believer of Okawaru.
             Mangled by an ogre
             ... wielding a +0 giant club
              (24 damage)
             ... on level 5 of the Dungeon.
             The game lasted 00:00:28 (2511 turns).

qw the Shooter (Spriggan Hunter)                    Turns: 2511, Time: 00:00:29

Health: -9/35      AC:  2    Str: 13    XL:     7   Next: 42%
Magic:  10/10      EV: 22    Int: 10    God:    Okawaru [**....]
Gold:   275        SH:  0    Dex: 21    Spells: 6/6 levels left

rFire   . . .        e - +0 orcbow
rCold   . . .        (shield currently unavailable)
rNeg    . . .        c - +0 robe
rPois   .            (helmet restricted)
rElec   .            (no cloak)
rCorr   .            (gloves unavailable)
SInv    +            (boots unavailable)
Will    +....        (no amulet)
Stlth   ++           f - +6 ring of strength
HPRegen 0.25/turn    (no ring)
MPRegen 0.12/turn

%: no passive effects
@: very quick
A: very small, no large weapons, unfitting armour, see invisible, speed 3
a: Renounce Religion, Heroism


You were on level 5 of the Dungeon.
You worshipped Okawaru.
Okawaru was pleased with you.
You visited 1 branch of the dungeon, and saw 5 of its levels.

You collected 275 gold pieces.


Innate Abilities, Weirdness & Mutations

You are very small and have problems with some larger weapons.
You are too small for most types of armour.
You have supernaturally acute eyesight. (SInv)
You cover ground extremely quickly. (Speed+++)


   Skills:
 - Level 2.9 Fighting
 + Level 6.5 Ranged Weapons
 - Level 6.3 Dodging
 - Level 1.5 Stealth
 + Level 3.2 Invocations


You had 6 spell levels left.
You didn't know any spells.
Your spell library was empty.

Inventory:

Hand Weapons
 e - a +0 orcbow (weapon)
Armour
 c - a +0 robe (worn)
Jewellery
 f - a +6 ring of strength (left hand)
Scrolls
 a - a scroll of poison {unknown}
 b - 2 scrolls of teleportation
 d - a scroll of enchant weapon {unknown}
Potions
 g - 3 potions of curing

Dungeon Overview and Level Annotations

Branches:
Dungeon (5/15)             Temple (0/1) D:4

Altars:
Elyvilon
Nemelex Xobeh
Okawaru
Sif Muna
Trog
Wu Jian
Xom


Message History

The arrow barely misses the bombardier beetle.
You shoot an arrow. The arrow hits the bombardier beetle.
The bombardier beetle is almost dead.
The bombardier beetle misses you.
You shoot an arrow. The arrow hits the bombardier beetle!
You kill the bombardier beetle!
Okawaru accepts your kill.
You open the door.
Found a chain mail, a club and a ring mail.
There is an open door here.
You now have 275 gold pieces (gained 15).
d - a scroll labelled RASASY XOCH
There is an open door here.
You open the door.
An ogre and an adder come into view.
You shoot an arrow.
The arrow hits the ogre but does no damage.
The adder hisses angrily.
You shoot an arrow. The arrow completely misses the adder.
You shoot an arrow. The arrow hits the adder.
The adder is lightly wounded.
The adder misses you. The adder completely misses you.
You shoot an arrow. The arrow hits the adder!
You kill the adder!
Okawaru accepts your kill.
You shoot an arrow. The arrow hits the ogre.
The ogre is lightly wounded.
The ogre misses you.
You shoot an arrow. The arrow completely misses the ogre.
The ogre completely misses you.
You shoot an arrow. The arrow barely misses the ogre.
The ogre hits you with a +0 giant club!!
Ouch! That really hurt!
You shoot an arrow. The arrow hits the ogre!
The ogre is heavily wounded.
You shoot an arrow. The arrow hits the ogre!
The ogre is almost dead.
The ogre hits you with a +0 giant club!!
Ouch! That really hurt!
You die...

#.# ##.#[..##.#
.####.##### ##..#...##.#
..........#+#)..#....#.#
###.#.##........#'.[)#.#
#...###........###.#.#
##.#.# #.........####.#
##....# +#...#.........#
#.>...# #.........####.#
##....###.......@## #.#
##.#.##........#O...#.#
####......#+#...#....#.#
......##### ##..#...##.#
.###..# ##.#...##.# .#
##.# #.#.####.# .# #.#
#.### .# #.. .. .# ###.


You could see an ogre.

Vanquished Creatures
  2 ogres (D:5)
  A centaur (D:4)
  A phantom (D:5)
  A bullfrog (D:5)
  A wight (D:5)
  A howler monkey (D:5)
  A jelly (D:3)
  A bombardier beetle (D:5)
  A hound (D:4)
  An iguana (D:5)
  6 adders
  A dart slug (D:1)
  7 orcs
  2 bats (D:1)
  9 endoplasms
  4 giant cockroaches
  4 goblins
  4 hobgoblins
  6 jackals
  6 kobolds
  4 quokkas
  4 ball pythons
  2 frilled lizards
  2 rats
72 creatures vanquished.

Notes
Turn   | Place    | Note
-------+----------+-------------------------------------------
     0 | D:1      | qw the Spriggan Hunter began the quest for the Orb.
     0 | D:1      | Reached XP level 1. HP: 10/10 MP: 2/2
     0 | D:1      | 0 ||| qw: Version: 0.3-a-155-g5e7d8dd
     0 | D:1      | 0 ||| qw: Game counter: 3076
     0 | D:1      | 0 ||| qw: Melee chars always use a shield: true
     0 | D:1      | 0 ||| qw: God list: Okawaru
     0 | D:1      | 0 ||| qw: Allow faded altars: false
     0 | D:1      | 0 ||| qw: Do Orc after clearing Dungeon:15 true
     0 | D:1      | 0 ||| qw: Do second Lair branch before Depths: true
     0 | D:1      | 0 ||| qw: Lair rune preference: random
     0 | D:1      | 0 ||| qw: Goals: Normal
     0 | D:1      | 0 ||| PLANNING D:1-11
   127 | D:1      | Reached skill level 3 in Dodging
   218 | D:1      | Reached XP level 2. HP: 14/14 MP: 3/3
   743 | D:1      | 743 ||| DROPPING +6 ring of intelligence.
   744 | D:1      | 744 ||| UPGRADING to +6 ring of strength.
   745 | D:1      | 745 ||| READING scroll labelled UBBER YTEWOIG.
   746 | D:1      | 746 ||| DROPPING scroll of butterflies.
   820 | D:2      | Reached XP level 3. HP: 18/18 MP: 4/4
  1105 | D:2      | 1105 ||| READING 4 scrolls labelled ZIRUQI VATTIA.
  1105 | D:2      | 1105 ||| IDENTIFYING bubbling dark potion
  1106 | D:2      | 1106 ||| READING 3 scrolls of identify.
  1106 | D:2      | 1106 ||| IDENTIFYING 2 sedimented emerald potions
  1107 | D:2      | 1107 ||| READING 2 scrolls of identify.
  1107 | D:2      | 1107 ||| IDENTIFYING scroll labelled LAIRUO JARHAR
  1108 | D:2      | 1108 ||| READING scroll of identify.
  1108 | D:2      | 1108 ||| IDENTIFYING scroll labelled EMEGHO WURPHUOXT
  1109 | D:2      | 1109 ||| DROPPING potion of degeneration.
  1110 | D:2      | 1110 ||| DROPPING scroll of vulnerability.
  1111 | D:2      | 1111 ||| DROPPING scroll of fog.
  1168 | D:3      | Found a white marble altar of Elyvilon.
  1168 | D:3      | Found a bloodstained altar of Trog.
  1180 | D:3      | Found a shimmering blue altar of Sif Muna.
  1180 | D:3      | Found a sparkling altar of Nemelex Xobeh.
  1185 | D:3      | Found a shimmering altar of Xom.
  1232 | D:3      | Reached XP level 4. HP: 18/22 MP: 5/5
  1251 | D:3      | Found an iron altar of Okawaru.
  1252 | D:3      | 1252 ||| PLANNING OKAWARU WORSHIP
  1252 | D:3      | 1252 ||| READING scroll of identify.
  1252 | D:3      | 1252 ||| IDENTIFYING scroll labelled QADISU NAYKK
  1253 | D:3      | 1253 ||| READING scroll labelled VITO LORUNOAFE.
  1261 | D:3      | Became a worshipper of Warmaster Okawaru
  1262 | D:3      | 1262 ||| PLANNING D:1-11
  1264 | D:3      | Identified the +11 hand axe of Dim Light {flame, rElec}
  1748 | D:4      | Noticed a centaur
  1753 | D:4      | Killed a centaur
  1754 | D:4      | Reached XP level 5. HP: 18/28 MP: 6/6
  1813 | D:4      | 1813 ||| SWAPPING to +0 orcbow.
  1814 | D:4      | 1814 ||| DROPPING +0 shortbow.
  1870 | D:4      | Found a staircase to the Ecumenical Temple.
  1930 | D:4      | Found an ornate altar of the Wu Jian Council.
  2151 | D:4      | 2151 ||| READING scroll labelled LUATUA SIJU.
  2152 | D:4      | 2152 ||| DRINKING 2 clear potions.
  2153 | D:4      | 2153 ||| DROPPING potion of invisibility.
  2158 | D:5      | Entered Level 5 of the Dungeon
  2163 | D:5      | Reached XP level 6. HP: 32/32 MP: 7/7
  2217 | D:5      | Reached * piety under Okawaru
  2218 | D:5      | Reached skill level 6 in Ranged Weapons
  2227 | D:5      | 2227 ||| RETREEEEATING.
  2228 | D:5      | 2228 ||| RETREEEEATING.
  2232 | D:5      | Reached skill level 1 in Invocations
  2274 | D:5      | Reached XP level 7. HP: 24/35 MP: 9/9
  2278 | D:5      | Reached skill level 6 in Dodging
  2448 | D:5      | Reached ** piety under Okawaru
  2449 | D:5      | Reached skill level 3 in Invocations
  2511 | D:5      | Mangled by an ogre

Levels and vault maps discovered:
D:1:      minmay_arrival_split_and_join, layout_basic
D:2:      layout_rooms, minivault_25
D:3:      layout_basic, grunt_temple_overflow_open, okawaru_ov_weapons_minmay,
          roderic_roman_lattice
D:4:      layout_cave_pools, kennysheep_mini_moat, minmay_temple_entry_overgrown
D:5:      kennysheep_big_flooded_room, layout_loops_ring, minmay_pentangle

Skill      XL: |  1  2  3  4  5  6  7 |
---------------+----------------------+-----
Dodging        | 3 4 5 6 |  6.3
Ranged Weapons | 5 6 |  6.5
Fighting       | 2 |  2.9
Invocations    | 2 3 |  3.2
Stealth        | |  1.5

Action                     |  1- 3 |  4- 6 |  7- 9 || total
---------------------------+-------+-------+-------++-------
   Fire: Shortbow          |    83 |    30 |       ||   113
         Orcbow            |       |    66 |    26 ||    92
    Use: Scroll            |     5 |     3 |       ||     8
         Potion            |       |     1 |       ||     1
 Armour: Robe              |     6 |     9 |     2 ||    17
  Dodge: Dodged            |    14 |    28 |     7 ||    49

Table legend:
 A = Non-vault XP
 B = Vault XP
 C = Vault XP percentage of total XP
 D = Non-vault monster count
 E = Vault monster count
 F = Vault count percentage of total count
                 A         B        C        D         E       F
            +---------+---------+-------+---------+---------+-------
      Total |     899 |     129 |  12.5 |      70 |       2 |   2.8
            +---------+---------+-------+---------+---------+-------
        D:1 |      25 |       0 |   0.0 |      13 |       0 |   0.0
        D:2 |      59 |       0 |   0.0 |      19 |       0 |   0.0
        D:3 |      68 |       0 |   0.0 |       8 |       0 |   0.0
        D:4 |     203 |       0 |   0.0 |      22 |       0 |   0.0
        D:5 |     544 |     129 |  19.2 |       8 |       2 |  20.0
            +---------+---------+-------+---------+---------+-------
